 Dungeon Crawl Stone Soup version 0.26-a0-259-g1effd001a9 (webtiles) character file.

Game seed: 2927271683617937399

11 vurker the Sneak (level 2, -12/23 HPs)
             Began as a Demonspawn Brigand on July 17, 2020.
             Mangled by a gnoll
             ... wielding a +0 halberd
              (13 damage)
             ... on level 1 of the Dungeon.
             The game lasted 00:00:44 (556 turns).

vurker the Sneak (Demonspawn Brigand)                Turns: 556, Time: 00:00:45

Health: -12/23     AC:  3    Str: 11    XL:     2   Next: 17%
Magic:  2/2        EV: 11    Int: 12    God:
Gold:   71         SH:  0    Dex: 14    Spells: 1/1 levels left

rFire    . . .     SeeInvis .   (no weapon)
rCold    . . .     Faith    .   (no shield)
rNeg     . . .     Spirit   .   b - +0 robe
rPois    .         Reflect  .   (no helmet)
rElec    .         Harm     .   c - +0 cloak
rCorr    .                      (no gloves)
MR       .....                  (no boots)
Stlth    ++........             (no amulet)
HPRegen  0.07/turn              (no ring)
MPRegen  0.08/turn              (no ring)

@: no status effects
A: claws 1
a: no special abilities


You were on level 1 of the Dungeon.
You were not hungry.

You visited 1 branch of the dungeon, and saw 1 of its levels.

You collected 71 gold pieces.

Inventory:

Missiles
 d - 8 poisoned darts (quivered)
 f - 2 curare-tipped darts
Armour
 b - a +0 robe (worn)
 c - a +0 cloak (worn)
Scrolls
 h - a scroll of identify {unknown}
Potions
 g - 2 potions of berserk rage {unknown}
Comestibles
 e - 6 rations


   Skills:
 + Level 2.4 Fighting
   Level 1.7 Short Blades
 + Level 2.2 Throwing
 - Level 0.8 Dodging
 - Level 3.6 Stealth
 * Level 0.1 Unarmed Combat


You had one spell level left.
You didn't know any spells.
Your spell library was empty.

Dungeon Overview and Level Annotations

Branches:
Dungeon (1/15)

Altars:


Innate Abilities, Weirdness & Mutations

You have sharp fingernails.


Message History

You kill the bat!
No target in view!
No target in view!
No target in view!
No target in view!
No target in view!
No target in view!
No target in view!
No target in view!
No target in view!
No target in view!
No target in view!
No target in view!
No target in view!
No target in view!
No target in view!
Found 5 gold pieces.
You now have 71 gold pieces (gained 5).
A gnoll comes into view. It is wielding a +0 halberd.
The gnoll shouts!
You hear a bark!
A jackal comes into view.
The gnoll hits you with a +0 halberd.
You scratch the gnoll but do no damage. The gnoll closely misses you.
You closely miss the gnoll.
The jackal bites you but does no damage.
The gnoll completely misses you. The jackal barely misses you.
You scratch the gnoll. The jackal barely misses you.
A jackal comes into view.
The gnoll barely misses you.
The jackal barks!
You scratch the gnoll.
The jackal bites you but does no damage.
You scratch the gnoll. The jackal barely misses you.
The gnoll hits you with a +0 halberd!
* * * LOW HITPOINT WARNING * * *
The jackal bites you but does no damage.
You closely miss the gnoll. The jackal misses you. The gnoll barely misses you.
You barely miss the gnoll. The jackal closely misses you.
The gnoll barely misses you. The jackal closely misses you.
You closely miss the gnoll. The jackal barely misses you.
The gnoll hits you with a +0 halberd!
* * * LOW HITPOINT WARNING * * *
Unknown command.
You scratch the gnoll. The jackal bites you.
* * * LOW HITPOINT WARNING * * *
The gnoll barely misses you.
You scratch the gnoll but do no damage. The jackal barely misses you. x2
You scratch the gnoll but do no damage. The gnoll hits you with a +0 halberd!
Ouch! That really hurt!
You die...

# #. #.## ...
### #g## #..
#@## #.#
##h#########
#.#
#.h........#
#.#
#.#########.#
#.# #.h #.#
#.# ## #.#
#.. #.#####.#
##.......#
#..#####.#


You could see a gnoll and 2 jackals.

Vanquished Creatures
  A bat (D:1)
  A giant cockroach (D:1)
  A goblin (D:1)
  2 hobgoblins (D:1)
  2 jackals (D:1)
  2 frilled lizards (D:1)
  A rat (D:1)
10 creatures vanquished.

Notes
Turn   | Place    | Note
-------+----------+-------------------------------------------
     0 | D:1      | vurker the Demonspawn Brigand began the quest for the Orb.
     0 | D:1      | Reached XP level 1. HP: 16/16 MP: 1/1
   319 | D:1      | Gained mutation: You have sharp fingernails. [demonic
                  | ancestry]
   319 | D:1      | Reached XP level 2. HP: 22/23 MP: 2/2
   554 | D:1      | HP: 1/23 [jackal (2)]
   556 | D:1      | Mangled by a gnoll

Illustrated notes

Levels and vault maps discovered:
D:1:      dpeg_arrival_three_same_balls, layout_loops_ring

Skill      XL: |  1 |
---------------+----+-----
Throwing       | 2 |  2.2
Fighting       | |  2.4
Short Blades   | |  1.7
Dodging        | |  0.8
Stealth        | |  3.6
Unarmed Combat | |  0.1

Action                   || total
-------------------------++-------
Melee: Dagger            ||    22
       Unarmed           ||    27
 Stab: Sleeping          ||     3
Armor: Robe              ||    21
Dodge: Dodged            ||    36

Table legend:
 A = Non-vault XP
 B = Vault XP
 C = Vault XP percentage of total XP
 D = Non-vault monster count
 E = Vault monster count
 F = Vault count percentage of total count
                 A         B        C        D         E       F
            +---------+---------+-------+---------+---------+-------
      Total |      17 |       0 |   0.0 |      10 |       0 |   0.0
            +---------+---------+-------+---------+---------+-------
        D:1 |      17 |       0 |   0.0 |      10 |       0 |   0.0
            +---------+---------+-------+---------+---------+-------
